Cogmind - Beta 13 --- EXPLORER MODE // 2024.04.02 @ 21:25:47 Player: rikka Result: Self-destructed Performance ------------- Evolutions (1) 500 Regions Visited (3) 600 Robots Destroyed (11) 55 Value Destroyed (336) 336 Prototype IDs (0) 0 Alien Tech Used (0) 0 Bonus (0) 0 TOTAL SCORE: 1491 Bonus ------- None Cogmind --------- Core Integrity 357/400 Matter 290/300 Energy 250/250 System Corruption 0% Temperature Warm (123) Movement Treading (240) Ox1 Location -9/Materials Parts ------- > --- POWER (2) -------- Ion Engine > --- PROPULSION (2) --- Light Treads Light Treads > --- UTILITY (4) ------ Heat Sink High-capacity Storage Unit Targeting Computer Light Armor Plating > --- WEAPON (2) ------- Medium Laser Medium Laser > --- INVENTORY (20) --- Ion Engine Improved Ion Engine Aluminum Leg Aluminum Leg Utility Shielding Small Laser Mini Grenade Launcher Mini Grenade Launcher Peak State ------------ > --- POWER ------------ Ion Engine > --- PROPULSION ------- Light Treads Light Treads > --- UTILITY ---------- High-capacity Storage Unit Targeting Computer Targeting Computer Light Armor Plating > --- WEAPON ----------- Medium Laser Medium Laser > --- INVENTORY -------- Ion Engine Aluminum Leg Aluminum Leg Heat Sink Utility Shielding Small Laser Mini Grenade Launcher Mini Grenade Launcher [Rating: 10] Favorites ----------- Power Ion Engine Engine Ion Engine Propulsion Light Treads Treads Light Treads Utility Targeting Computer Device Heat Sink Storage High-capacity Storage Unit Processor Targeting Computer Protection Light Armor Plating Weapon Medium Laser Energy Gun Medium Laser Build | -11 -10 -10 -9 ------- Run | Yrd Mat Min Mat Slots Evolved 3 | . 1 . 2 Power 1 | . . . 1 Propulsion . | . . . . Utility 2 | . 1 . 1 Weapon . | . . . . Parts Attached 12 | 7 3 . 2 Power 1 | 1 . . . Engine 1 | 1 . . . Core . | . . . . Reactor . | . . . . Propulsion 2 | 2 . . . Treads 2 | 2 . . . Leg . | . . . . Wheel . | . . . . Hover . | . . . . Flight . | . . . . Utility 7 | 2 3 . 2 Device 1 | . . . 1 Storage 3 | 1 2 . . Processor 2 | . 1 . 1 Hackware . | . . . . Protection 1 | 1 . . . Artifact . | . . . . Weapon 2 | 2 . . . Energy Gun 2 | 2 . . . Energy Cannon . | . . . . Ballistic Gun . | . . . . Ballistic Cannon . | . . . . Launcher . | . . . . Special Weapon . | . . . . Impact Weapon . | . . . . Slashing Weapon . | . . . . Piercing Weapon . | . . . . Special Melee Weapon . | . . . . Unidentified Prototypes . | . . . . Parts Lost . | . . . . Power . | . . . . Propulsion . | . . . . Utility . | . . . . Weapon . | . . . . Highest Loss Streak . | . . . . To Critical Strikes . | . . . . Average Slot Usage (%) 98 | . 100 100 90 Engine 11 | . 12 12 10 Treads 24 | . 25 25 20 Storage 11 | . 12 12 10 Processor 12 | . 12 12 19 Protection 11 | . 12 12 10 Energy Gun 24 | . 25 25 20 Naked Turns . | . . . . Heaviest Build 92 | 22 92 52 53 Greatest Support 40 | 40 40 40 40 Greatest Overweight (x) 2 | . 2 1 1 Average Overweight (x) . | . . 1 1 Largest Inventory Capacity 25 | 10 25 20 20 Average Capacity 18 | 9 19 20 20 Most Carried 10 | 9 10 9 9 Average Carried 7 | 5 7 9 8 Final Capacity 20 | 10 20 20 20 Final Carried 9 | 7 9 9 8 Class Distribution -------------------- 100% | Hacker-Mutant Dominant Class ---------------- Hacker-Mutant | -10/Materials Hacker-Mutant | -10/Mines Hacker-Mutant | -9/Materials Resources | -11 -10 -10 -9 ----------- Run | Yrd Mat Min Mat Matter Collected 315 | 244 54 7 10 Remotely . | . . . . Salvage Created 400 | . 267 . 133 Parts 11 | . 6 . 5 Haulers Intercepted . | . . . . Recyclers Shooed . | . . . . Parts Field Recycled . | . . . . Retrieved Matter . | . . . . Parts Self-Destructed . | . . . . Prevented . | . . . . Kills | -11 -10 -10 -9 ------- Run | Yrd Mat Min Mat Combat Hostiles Destroyed 10 | . 7 . 3 Guns 8 | . 5 . 3 Classes Destroyed 4 | . 3 . 1 Watcher 1 | . 1 . . Swarmer 2 | . 2 . . Grunt 7 | . 5 . 2 Brawler 1 | . . . 1 Best Kill Streak 3 | . 3 . 2 Combat Bots Only 2 | . 2 . 2 Max Kills in Single Turn 2 | . 1 . 2 Gunslinging 1 | . . . 1 Exploded . | . . . . Melee . | . . . . Uniques/NPCs Destroyed . | . . . . Combat | -11 -10 -10 -9 -------- Run | Yrd Mat Min Mat Hostile Shots Fired 74 | . 43 . 31 Missed 20 | . 14 . 6 Damage Taken 408 | . 202 . 206 Core 76 | . 33 . 43 Absorbed by Shields . | . . . . Ignored by Resistances 256 | . 130 . 126 Core Remaining (%) 93 | 100 . 86 . Volleys Fired 32 | . 23 . 9 Largest 2 | . 2 . 2 Hottest 100 | . 100 . 100 Shots Fired 64 | . 46 . 18 Gun 64 | . 46 . 18 Cannon . | . . . . Launcher . | . . . . Special . | . . . . Kinetic . | . . . . Thermal 64 | . 46 . 18 Explosive . | . . . . Electromagnetic . | . . . . Robot Hit Streak 25 | . 15 . 25 Robot Miss Streak 1 | . 1 . 1 Penetration Max . | . . . . Secondary Targets 3 | . 2 . 1 Max Gunslinging Chain 1 | . 1 . 1 Shots Hit Robots 59 | . 42 . 17 Core Hits 20 | . 13 . 7 Critical Kills . | . . . . Critical Parts Destroyed . | . . . . Critical Strikes 8 | . 7 . 1 Burn 8 | . 7 . 1 Melee Attacks . | . . . . Impact . | . . . . Slashing . | . . . . Piercing . | . . . . Sneak Attacks . | . . . . Combat Hostiles . | . . . . Follow-up Attacks . | . . . . Damage Inflicted 754 | . 538 4 212 Guns 750 | . 538 . 212 Cannons . | . . . . Explosions . | . . . . Melee . | . . . . Ramming 4 | . . 4 . Kinetic . | . . . . Thermal 750 | . 538 . 212 Explosive . | . . . . Electromagnetic . | . . . . Impact . | . . . . Slashing . | . . . . Piercing . | . . . . Highest Corruption 1 | . 1 1 . Average Corruption 1 | . 1 1 . Corruption Purged . | . . . . Corruption Blocked . | . . . . Effects 5 | . 3 2 . Matter Fused 1 | . 1 . . Data Loss (minor) 2 | . 1 1 . Data Loss (major) 2 | . 1 1 . Overload Shots . | . . . . Overflow Damage . | . . . . Projectiles . | . . . . Explosions . | . . . . Melee . | . . . . Knockbacks . | . . . . Impact . | . . . . Kinetic . | . . . . Secondary . | . . . . Self-Inflicted Damage . | . . . . Shots . | . . . . Rammed 1 | . . 1 . Targets Rammed 1 | . . 1 . Kicked . | . . . . Crushed . | . . . . Highest Temperature 386 | . 386 . 339 Average Temperature 159 | . 151 . 188 Received Heat Transfer 285 | . 153 . 132 Effects 3 | . 2 . 1 Interference 2 | . 2 . . Short Circuit 1 | . . . 1 Siege Activations . | . . . . Robots Corrupted . | . . . . Combat Hostiles . | . . . . Parts Fried . | . . . . Impact Corruptions . | . . . . Robots Melted 2 | . 2 . . Combat Hostiles 2 | . 2 . . Parts Melted 8 | . 7 . 1 Heat Transferred 2812 | . 2109 . 703 Parts Sabotaged . | . . . . Parts Stolen . | . . . . Parts Stripped . | . . . . Power Chain Reactions . | . . . . Alert | -11 -10 -10 -9 ------- Run | Yrd Mat Min Mat Peak Influence 142 | . 142 13 73 Initial 13 | . . 13 3 Average 28 | . 47 13 7 Maximum Alert Level . | . . . . Low Security (%) 100 | 100 100 100 100 Level 1 . | . . . . Level 2 . | . . . . Level 3 . | . . . . Level 4 . | . . . . Level 5 . | . . . . High Security . | . . . . Max Security . | . . . . Squads Dispatched . | . . . . Investigation . | . . . . Extermination . | . . . . Reinforcement . | . . . . Assault . | . . . . Garrison . | . . . . Intercept . | . . . . Searches Triggered . | . . . . Construction Impeded . | . . . . Haulers Reinforced . | . . . . Active Scanning Responses . | . . . . Cargo Convoy Interrupts . | . . . . Stealth | -11 -10 -10 -9 --------- Run | Yrd Mat Min Mat Distress Signals . | . . . . Communications Jammed . | . . . . Distress Signals . | . . . . Times Spotted 13 | . 9 . 4 Peak Tracking Total 4 | . 2 . 4 Tactical Retreats . | . . . . Traps | -11 -10 -10 -9 ------- Run | Yrd Mat Min Mat Traps Triggered 1 | . 1 . . Indirectly . | . . . . Trap Hack Attempts . | . . . . Triggered . | . . . . Disarmed . | . . . . Reprogrammed . | . . . . Reused . | . . . . Traps Extracted . | . . . . Installed . | . . . . Triggered . | . . . . Machines | -11 -10 -10 -9 ---------- Run | Yrd Mat Min Mat Machines Disabled . | . . . . Max in Single Turn . | . . . . Machines Repaired . | . . . . Machines Dismantled . | . . . . Machines Sabotaged . | . . . . Overloaded Fab Kills . | . . . . Hacking | -11 -10 -10 -9 --------- Run | Yrd Mat Min Mat Machines Accessed 1 | . 1 . . Terminals 1 | . 1 . . Fabricators . | . . . . Repair Stations . | . . . . Recycling Units . | . . . . Scanalyzers . | . . . . Garrison Access . | . . . . Total Hacks 8 | . 8 . . Successful 5 | . 5 . . Failed 3 | . 3 . . Catastrophic . | . . . . Database Lockouts . | . . . . Manual . | . . . . Terminals 8 | . 8 . . Fabricators . | . . . . Repair Stations . | . . . . Recycling Units . | . . . . Scanalyzers . | . . . . Garrison Access . | . . . . Terminal Hacks 5 | . 5 . . Record 4 | . 4 . . Alert Level 1 | . 1 . . Fabricator Hacks . | . . . . Repair Station Hacks . | . . . . Recycling Unit Hacks . | . . . . Scanalyzer . | . . . . Garrison Access Hacks . | . . . . Unauthorized Hacks . | . . . . Terminals . | . . . . Fabricators . | . . . . Repair Stations . | . . . . Recycling Units . | . . . . Scanalyzers . | . . . . Garrison Access . | . . . . Data Cores Recovered . | . . . . Used . | . . . . Hacking Detections 1 | . 1 . . Full Trace Events . | . . . . Feedback Events . | . . . . Feedback Blocked . | . . . . Robot Schematics Acquired . | . . . . Robots Built . | . . . . Authchips . | . . . . Time . | . . . . Total Robot Build Rating . | . . . . Part Schematics Acquired . | . . . . Parts Built . | . . . . Authchips . | . . . . Time . | . . . . Total Part Build Rating . | . . . . Parts Repaired . | . . . . Time . | . . . . Parts Recycled . | . . . . Recycled Matter . | . . . . Retrieved Matter . | . . . . Retrieved Components . | . . . . Parts Scanalyzed . | . . . . Part Schematics Acquired . | . . . . Parts Damaged . | . . . . Bothacking | -11 -10 -10 -9 ------------ Run | Yrd Mat Min Mat Used RIF Installer . | . . . . Robots Hacked . | . . . . Non-combat . | . . . . Combat . | . . . . Robot Hacks Applied . | . . . . Relay Couplers Released . | . . . . Fabnet Peak Effective % . | . . . . Robots Rewired . | . . . . Allies Hacked . | . . . . Hacks Repelled . | . . . . Allies | -11 -10 -10 -9 -------- Run | Yrd Mat Min Mat Total Allies 1 | . . 1 . Largest Group 1 | . . 1 1 Highest-Rated Group 31 | . . 31 31 Highest-Rated Ally 31 | . . 31 31 Total Orders . | . . . . Ally Attacks . | . . . . Total Damage . | . . . . Kills . | . . . . Allies Corrupted . | . . . . Allies Melted . | . . . . Intel | -11 -10 -10 -9 ------- Run | Yrd Mat Min Mat Robot Analysis Total . | . . . . Derelict Logs Recovered 1 | . . 1 . Drone Launches . | . . . . Drone Recoveries . | . . . . Exploration | -11 -10 -10 -9 ------------- Run | Yrd Mat Min Mat Turns Passed 1467 | 161 749 394 163 Spaces Moved 591 | 92 280 164 55 Core 6 | 6 . . . Treads 585 | 86 280 164 55 Legs . | . . . . Wheels . | . . . . Hover . | . . . . Flight . | . . . . Fastest Speed 50 | 50 160 240 240 Average Speed 226 | 152 239 240 240 Slowest Speed 320 | 160 320 240 240 Overloaded Moves . | . . . . Propulsion Burnouts . | . . . . Robots Hopped . | . . . . Cave-ins Triggered . | . . . . Exploration Rate (%) 26 | 6 57 31 10 Regions Visited 3 Branch Regions 1 Pre-discovered Areas . | . . . . Known Exits Taken 3 | 1 1 1 . Unknown Exits Taken . | . . . . Scrap Searched . | . . . . Spaces Dug . | . . . . Terrain Destroyed . | . . . . Melee . | . . . . Projectile . | . . . . AOE . | . . . . Terrain Rammed . | . . . . Walls Destroyed . | . . . . Machines Disabled . | . . . . Actions | -11 -10 -10 -9 --------- Run | Yrd Mat Min Mat Total 658 | 112 314 164 68 Wait 2 | . 2 . . Move 588 | 91 279 163 55 Hop . | . . . . Pick Up 20 | 14 5 . 1 Fast Attach . | . . . . Attach 10 | 7 1 . 2 Detach 1 | . . . 1 Swap 2 | . 2 . . Drop 2 | . 2 . . Fire 32 | . 23 . 9 Melee . | . . . . Ram . | . . . . Kick . | . . . . Crush 1 | . . 1 . Escape Stasis . | . . . . Rewire . | . . . . Trap . | . . . . Miscellaneous . | . . . . Route ------- -11/Scrapyard -10/Materials (discovered 2 exits: *Min x2) -10/Mines -9/Materials History --------- Turn | Location | Event 3 | -11/Scrapyard | Identified exit to Materials 3 | -11/Scrapyard | Discovered exit to Materials (range 15) 162 | -11/Scrapyard | Entered Materials 162 | -10/Materials | Evolved 1 slot: Utility x1 316 | -10/Materials | Build established: Hacker-Mutant 418 | -10/Materials | Identified exit to Mines 418 | -10/Materials | Discovered exit to Mines (range 7) 762 | -10/Materials | Discovered exit to Mines (range 15) 911 | -10/Materials | Entered Mines 1079 | -10/Mines | Identified exit to Materials 1079 | -10/Mines | Discovered exit to Materials (range 13) 1089 | -10/Mines | Learned Materials stockpile data 1169 | -10/Mines | Received a Mining Laser from a helpful Derelict 1305 | -10/Mines | Entered Materials 1305 | -9/Materials | Accompanied by 1 ally 1305 | -9/Materials | Evolved 2 slots: Power x1, Utility x1 1468 | -9/Materials | Self-destructed Last Messages --------------- G-34 Mercenary suffers critical hit (Burn). G-34 Mercenary heat short circuits Aluminum Leg. G-34 Mercenary destroyed. R-06 Scavenger collects Heat Sink. K-01 Serf collects debris. R-06 Scavenger collects Aluminum Leg. K-01 Serf collects debris. R-06 Scavenger collects Broken Aluminum Leg. K-01 Serf collects debris. Targeting Computer broken. Overheating: Short circuit. Acquired 10 matter. K-01 Serf collects debris. Discarded Broken Targeting Computer. K-01 Serf collects debris. B-36 Bruiser destroyed. Switching to secondary target: G-34 Mercenary. Heat Sink melted. G-34 Mercenary destroyed. K-01 Serf collects debris. Map ----- +----------------------------------------------------+ | ?????????????????????????????????????????????????? | | ?????????????????????????????????????????????????? | | ???????????????????????????????????????????????*?? | | ?????????????????????????????????????????????????? | | ?????????????????????????????????????????????????? | | ?????????????????????????????????????????????????? | | ?????????????????????????????????????????????????? | | ?????????????????????????????????????????????????? | | ?????????????????????? ????????????????????????? | | ?????????????#???????? ^#???????????????????????? | | ?????????????# ??????? #???????????????????????? | | ?????????????# ??????# #???????????????????????? | | ?????????????# ?????# #???????????????????????? | | ?????????????# ?????# #???????????????????????? | | ?????????????# ????# #???????????????????????? | | ????????????## ##### #???????????????????????? | | ???????##+### #???????????????????????? | | ??????? a #???????????????????????? | | ?????? +???????????????????????? | | ?????? !! #???????????????????????? | | ???????# % !! = k #?????????????????######? | | ??????"" % r #????????????????##!!!!## | | ??????"T g #????????????????#! !# | | ??????????""" """ = #????????????????# # | | ????????????" """ /% !################## # | | ????????????" """ *%@ | | ????????? | | ???????? | | ?????????###+########+#############k############## | | ?????????????????????????[?????# #????????? | | ???????????????????????????????# """ #????????? | | ???????????????????????????????# """ #????????? | | ???????????????????????????????# """ #????????? | | ???????????????????????????????# #????????? | | ???????????????????????????????# """ #????????? | | ???????????????????????????????# """ #????????? | | ???????????????????????????????# """ #????????? | | ???????????????????????????????# #????????? | | ????????????????????????????????#########????????? | | | | | | | | | | | | | | | | | | | | | | | +----------------------------------------------------+ Best States ------------- Heat Dissipation 38 Energy Generation 10 Energy Capacity 250 Matter Stores 300 Matter Capacity 300 Sight Range 16 Terrain Scan Density 10 Armor Coverage 150 Resistance: KI 35 Resistance: TH 35 Resistance: EX 35 Resistance: EM 35 Resistance: I 35 Resistance: S 35 Resistance: P 35 Evasion (%) 40 Targeting Accuracy 10 Recoil Reduction 2 Offensive Hacking 20 Item Schematics ----------------- None Robot Schematics ------------------ None Fabricated ------------ Nothing Alien Tech Used ----------------- None Achievements -------------- None Challenges ------------ None Game ------ Seed AlphaEncryptedSpear Manual? 0 Play Time 00:12:29 Cumulative 4.2 hours Start 2024.04.02 @ 21:14:00 End 2024.04.02 @ 21:25:47 Sessions 1 Manual Loads 0 Difficulty Explorer Special Mode None Game No. 6 Rogue 0 Adventurer 5 Explorer 1 Win Type - Total 0 Types 0/0/0/0/0/0/0/0/0 Lore% 7 Gallery% 8 Achievement% 7 Wizard Run 0 Options --------- Layout 0 ASCII 0 Keyboard 0 Movement Mouse Keybinds 0 Fullscreen 1 Font 18/SmallcapsGlow Map View 76x50 Zoom Use 0% Tactical HUD 0 Map Filters NONE Filters NONE Steam 1 RUN: def584d5-b9e9-4bd4-90ec-ceec58e2ef0e